 Dungeon Sprint DCSS version 0.21-a0-201-g8501b10 (webtiles) character file.

71449 Kidiri the Eclecticist (level 13, -23/83 HPs)
             Began as a Deep Elf Fire Elementalist on Aug 18, 2017.
             Was the Champion of Vehumet.
             Annihilated by an azure jelly (64 damage)
             ... in the Dungeon (Sprint III: "The Ten Rune Challenge").
             The game lasted 00:50:14 (7513 turns).

Kidiri the Eclecticist (Deep Elf Fire Elementalist) Turns: 7513, Time: 00:50:15

Health: -23/83     AC: 10    Str:  5    XL:     13   Next: 90%
Magic:  29/39      EV: 23    Int: 32    God:    Vehumet [******]
Gold:   1127       SH:  0    Dex: 17    Spells: 3/53 levels left

rFire    + + +     SeeInvis .   l - +1 dagger
rCold    x . .     Gourm    .   (no shield)
rNeg     + . .     Faith    .   H - +2 robe {rC+ rF+}
rPois    .         Spirit   .   d - +2 hat {MR+}
rElec    .         Reflect  .   (no cloak)
rCorr    .         Harm     .   p - +2 pair of gloves {archery}
MR       ++...     NoTele   +   (no boots)
Stlth    +++.......             S - amulet "Vuiwn" {-Tele +Rage rN+ Int+4}
HPRegen  0.23/turn              (no ring)
MPRegen  0.26/turn              (no ring)

@: immune to fire clouds (expiring)
A: horns 1, thin skeletal structure 1, clever 1, MP-powered wands
}: 2/10 runes: decaying, serpentine
a: Renounce Religion, Evoke Berserk Rage


You were in the Dungeon.
You worshipped Vehumet.
Vehumet was exalted by your worship.
You were not hungry.

You visited 1 branch You collected 2993 gold pieces.
You spent 1866 gold pieces at shops.

Inventory:

Hand Weapons
 l - a +1 dagger (weapon)
Armour
 b - +0 swamp dragon scales
 d - a +2 hat of magic resistance (worn)
 p - a +2 pair of gloves of archery (worn)
 u - a +0 buckler
 H - a +2 robe of resistance (worn)
Magical Staves
 T - an uncursed staff of fire
Jewellery
 z - an uncursed ring of ice
 R - the amulet of Zopsis {rC- Regen+ Str+4 Stlth+}
   (You found it in the Dungeon)

   [amulet of regeneration]

   It affects your strength (+4).
   It makes you vulnerable to cold.
   It increases your rate of regeneration.
   It makes you more stealthy.
 S - the amulet "Vuiwn" (around neck) {-Tele +Rage rN+ Int+4}
   (You found it in the Dungeon)

   [amulet of rage]

   It affects your intelligence (+4).
   It protects you from negative energy.
   It lets you go berserk.
   It prevents most forms of teleportation.
Wands
 J - a wand of acid (11/15)
Scrolls
 o - a scroll of torment
 q - 3 scrolls of remove curse
 t - a scroll of holy word
 y - a scroll of silence {unknown}
 A - 2 scrolls of amnesia
Potions
 f - a potion of curing
 g - 2 potions of magic
 h - 2 potions of berserk rage
 i - a potion of heal wounds
 j - a potion of might
 k - a potion of lignification
 n - a potion of mutation
 s - a potion of flight
Books
 e - the Handbook of Earth and the Volcanoes
   (You bought it in a shop in the Dungeon)

   Spells                             Type                      Level
   a - Flame Tongue                   Conjuration/Fire             1
   b - Bolt of Magma                  Conjuration/Fire/Earth       5
   c - Iron Shot                      Conjuration/Earth            6
   d - Ring of Flames                 Charms/Fire                  7
 m - a book of the Tempests

   Spells                             Type                      Level
   a - Static Discharge               Conjuration/Air              3
   b - Lightning Bolt                 Conjuration/Air              5
   c - Ignition                       Fire                         8
   d - Tornado                        Air                          9
   e - Shatter                        Earth                        9
 K - a book of Annihilations

   Spells                             Type                      Level
   a - Poison Arrow                   Conjuration/Poison           6
   b - Chain Lightning                Conjuration/Air              8
   c - Lehudib's Crystal Spear        Conjuration/Earth            8
   d - Glaciate                       Conjuration/Ice              9
   e - Fire Storm                     Conjuration/Fire             9
Miscellaneous
 N - 3 boxes of beasts
 Q - a lightning rod (4/4)
Comestibles
 c - 6 fruits
 r - 20 royal jellies


   Skills:
 + Level 10.5 Fighting
 + Level 11.8 Short Blades
 + Level 10.4 Armour
 + Level 14.4 Dodging
 - Level 2.4 Stealth
 + Level 4.2 Shields
 * Level 20.7 Spellcasting
 + Level 13.2 Conjurations
 + Level 4.5 Charms
 + Level 13.6 Fire Magic
 + Level 11.6 Ice Magic
 + Level 9.2 Air Magic
 + Level 5.5 Earth Magic
 + Level 11.5 Poison Magic


You had 3 spell levels left.
You knew the following spells:

 Your Spells              Type           Power        Failure   Level  Hunger
a - Flame Tongue          Conj/Fire      #####        0%          1    None
b - Throw Flame           Conj/Fire      ######       0%          2    None
c - Conjure Flame         Conj/Fire      ########     0%          3    None
d - Inner Flame           Hex/Fire       #######.     1%          3    None
e - Ignite Poison         Fire/Tmut/Pois #######.     1%          3    None
f - Sticky Flame          Conj/Fire      ########     1%          4    None
g - Fireball              Conj/Fire      ########..   1%          5    None
h - Bolt of Magma         Conj/Fire/Erth ########..   1%          5    None
i - Ring of Flames        Chrm/Fire      #######...   21%         7    ##.....
j - Bolt of Cold          Conj/Ice       #######...   1%          6    None
k - Freezing Cloud        Conj/Ice/Air   #######...   1%          6    None
l - Venom Bolt            Conj/Pois      #######...   1%          5    None


Dungeon Overview and Level Annotations

Branches:
Dungeon (1/1)

Altars:
Cheibriados
Dithmenos
Elyvilon
Fedhas
Gozag
Hepliaklqana
Kikubaaqudgha
Makhleb
Nemelex Xobeh
Okawaru
Qazlal
Ru
Sif Muna
Trog
Uskayaw
Vehumet
Wu Jian
Xom
Yredelemnul
Zin
The Shining One
Beogh
Jiyva
Lugonu

Shops:
D :%[}%(%

Annotations:
D exclusion: 2 doors


Innate Abilities, Weirdness & Mutations

You have a pair of small horns on your head.
You have a somewhat thin skeletal structure. (Dex +2, Stealth)
Your mind is acute. (Int +2)
You expend magic power (3 MP) to strengthen your wands.


Message History

The azure jelly hits you. x2
There is an open door here.
Unknown command.
Your ring of flames is guttering out.
The azure jelly quivers.
The azure jelly is engulfed in blazing flames. x2
Casting: Ring of Flames
Confirm with . or Enter, or press ? or * to list all spells.
Aiming: Bolt of Magma
Press: ? - help, Shift-Dir - straight line, f - azure jelly
Aim: an azure jelly (flame)
You feel a surge of power!
The bolt of magma misses the azure jelly.
The bolt of magma hits the azure jelly.
The azure jelly is burned terribly!
The azure jelly is heavily wounded.
The azure jelly is engulfed in blazing flames.
The azure jelly misses you. The azure jelly hits you!
The azure jelly freezes you!!!
You feel a terrible chill!
Ouch! That really hurt!
You die...

▓.................#__
▓▓▓▓▓▓▓▓▓▓▓▓▓▓▓▓▓▓▓▓▓
▓...+≈≈≈§§≈≈≈.♣♣....
▓..P#≈≈§§§§≈≈[♣♣.≈≈≈
▓.P.#≈.≈§§§≈§≈≈'....
▓...#≈≈§≈§§§§≈♣♣♣♣♣♣
▓..[#≈≈≈≈≈§≈≈≈♣
▓##+####'#######♣
▓§§@§...........♣♣
▓#J#############+♣
▓J§J#≈P..........♣
▓..J+≈≈...########♣♣
▓...#≈≈≈.........PP♣
▓...#≈≈≈≈P..PP....P♣
#+#############+####
#.♣... #.≈...


You could see 4 azure jellies.

Vanquished Creatures
  the Lernaean hydra (D)
  Rupert (D)
  A deep elf blademaster (D)
  Gastronok (D)
  A nagaraja (D)
  2 deep elf annihilators (D)
  2 dire elephants (D)
  2 deep elf death magi (D)
  Josephine (D)
  A naga warrior (D)
  An anaconda (D)
  3 hydras (D)
  A centaur warrior (D)
  4 death yaks (D)
  Urug (D)
  3 deep elf knights (D)
  A death drake (D)
  An unseen horror (D)
  A spriggan druid (D)
  2 swamp dragons (D)
  A lindwurm (D)
  An orc knight (D)
  5 deep elf magi (D)
  3 orc sorcerers (D)
  2 elephants (D)
  A guardian serpent (D)
  2 spiny frogs (D)
  8 black mambas (D)
  A rime drake (D)
  A komodo dragon (D)
  3 wandering mushrooms (D)
  2 tyrant leeches (D)
  8 blink frogs (D)
  A queen bee (D)
  3 redbacks (D)
  2 spriggans (D)
  A shadow (D)
  2 nagas (D)
  A spatial vortex (D)
  6 water moccasins (D)
  2 orc warriors (D)
  3 swamp drakes (D)
  A necrophage (D)
  2 centaurs (D)
  A water elemental (D)
  32 killer bees (D)
  An electric eel (D)
  A jelly (D)
  An orc priest (D)
  A wizard (D)
  3 orc wizards (D)
  Jessica (D)
  A necromancer (D)
  3 humans (D)
  A kobold demonologist (D)
  A wolf (D)
  3 adders (D)
  2 oozes (D)
  7 orcs (D)
  A bat (D)
  A rat (D)
  3 plants (D)
157 creatures vanquished.

Vanquished Creatures (others)
  2 draconian scorchers (D)
  6 hellions (D)
  2 yaktaurs (D)
  A plant (D)
11 creatures vanquished.

Grand Total: 168 creatures vanquished

Notes
Turn   | Place    | Note
-------+----------+-------------------------------------------
     0 | D        | Kidiri the Deep Elf Fire Elementalist began the quest for the Orb.
     0 | D        | Reached XP level 1. HP: 10/10 MP: 6/6
    41 | D        | Killed a yaktaur
    49 | D        | Reached skill level 1 in Fighting
    49 | D        | Reached skill level 1 in Armour
    49 | D        | Reached skill level 4 in Spellcasting
    49 | D        | Reached XP level 2. HP: 10/16 MP: 1/9
    89 | D        | Killed a hellion
    89 | D        | Killed a hellion
    90 | D        | Killed a hellion
   102 | D        | Killed a hellion
   110 | D        | Killed a hellion
   111 | D        | Killed a hellion
   120 | D        | Learned a level 2 spell: Throw Flame
   152 | D        | Noticed Jessica
   153 | D        | Killed Jessica
   153 | D        | Reached skill level 5 in Spellcasting
   153 | D        | Reached XP level 3. HP: 20/20 MP: 8/11
   186 | D        | Killed a white draconian scorcher
   216 | D        | Learned a level 3 spell: Conjure Flame
   220 | D        | Learned a level 3 spell: Inner Flame
   249 | D        | Killed a white draconian scorcher
   470 | D        | Reached skill level 6 in Spellcasting
   470 | D        | Reached XP level 4. HP: 26/26 MP: 10/14
   494 | D        | Gained mutation: Your flesh is heat resistant. (rF+) [potion of mutation]
   494 | D        | Gained mutation: Your system is resistant to poisons. (rPois) [potion of mutation]
   495 | D        | Lost mutation: Your flesh is heat resistant. (rF+) [potion of mutation]
   495 | D        | Gained mutation: Your body sometimes deteriorates upon taking damage. [potion of mutation]
   495 | D        | Gained mutation: You expend magic power (3 MP) to strengthen your wands. [potion of mutation]
   495 | D        | Gained mutation: You evolve. [potion of mutation]
   496 | D        | Lost mutation: Your body sometimes deteriorates upon taking damage. [potion of mutation]
   496 | D        | Lost mutation: You evolve. [potion of mutation]
   496 | D        | Lost mutation: Your system is resistant to poisons. (rPois) [potion of mutation]
   496 | D        | Gained mutation: You have a somewhat thin skeletal structure. (Dex +2, Stealth) [potion of mutation]
   496 | D        | Gained mutation: You have a pair of small horns on your head. [potion of mutation]
   496 | D        | Gained mutation: Your mind is acute. (Int +2) [potion of mutation]
   529 | D        | Learned a level 4 spell: Sticky Flame
   534 | D        | Noticed a water elemental
   537 | D        | Killed a water elemental
   537 | D        | Reached skill level 7 in Spellcasting
   537 | D        | Reached skill level 5 in Fire Magic
   576 | D        | Found a radiant altar of Vehumet.
   577 | D        | Found a deep blue altar of Sif Muna.
   577 | D        | Found an ancient bone altar of Kikubaaqudgha.
   577 | D        | Noticed a wizard
   580 | D        | Noticed a chaos spawn
   580 | D        | Killed a wizard
   580 | D        | Reached skill level 1 in Short Blades
   580 | D        | Reached skill level 5 in Dodging
   580 | D        | Reached XP level 5. HP: 32/32 MP: 7/17
   583 | D        | Reached skill level 8 in Spellcasting
   598 | D        | Learned a level 5 spell: Fireball
   603 | D        | Became a worshipper of Vehumet
   691 | D        | Found a glowing silver altar of Zin.
   692 | D        | Found a glowing golden altar of the Shining One.
   692 | D        | Found a white marble altar of Elyvilon.
   692 | D        | Noticed a deep elf mage
   700 | D        | Killed a deep elf mage
   700 | D        | Reached skill level 10 in Spellcasting
   700 | D        | Reached XP level 6. HP: 18/39 MP: 14/21
   700 | D        | Reached XP level 7. HP: 21/44 MP: 15/23
   867 | D        | Found an ornate altar of the Wu Jian Council.
   867 | D        | Found a roughly hewn altar of Beogh.
   867 | D        | Found an iron altar of Okawaru.
   867 | D        | Found a bloodstained altar of Trog.
   867 | D        | Found a hide-covered altar of Uskayaw.
   867 | D        | Noticed a human
   870 | D        | Killed a human
   870 | D        | Reached skill level 11 in Spellcasting
   871 | D        | Killed a human
   871 | D        | Reached * piety under Vehumet
   871 | D        | Offered knowledge of Freeze by Vehumet.
   871 | D        | Reached skill level 5 in Fighting
   893 | D        | Learned a level 1 spell: Freeze
   972 | D        | Found a basalt altar of Yredelemnul.
   972 | D        | Found a shadowy altar of Dithmenos.
   972 | D        | Found a sacrificial altar of Ru.
   975 | D        | Reached skill level 5 in Armour
   975 | D        | Reached skill level 1 in Ice Magic
  1037 | D        | Offered knowledge of Sting by Vehumet.
  1037 | D        | Reached ** piety under Vehumet
  1040 | D        | Learned a level 1 spell: Sting
  1041 | D        | Noticed a shadow
  1045 | D        | Killed a shadow
  1045 | D        | Reached skill level 5 in Short Blades
  1045 | D        | Reached skill level 12 in Spellcasting
  1045 | D        | Reached XP level 8. HP: 49/49 MP: 18/26
  1084 | D        | Found a blossoming altar of Fedhas.
  1084 | D        | Found a stormy altar of Qazlal.
  1084 | D        | Found a snail-covered altar of Cheibriados.
  1084 | D        | Found a burning altar of Makhleb.
  1084 | D        | Found a shimmering altar of Xom.
  1085 | D        | Found a hazy altar of Hepliaklqana.
  1085 | D        | Found an opulent altar of Gozag.
  1085 | D        | Found a sparkling altar of Nemelex Xobeh.
  1085 | D        | Found a corrupted altar of Lugonu.
  1085 | D        | Found a viscous altar of Jiyva.
  1087 | D        | Killed a yaktaur
  1171 | D        | Noticed Josephine
  1173 | D        | Killed Josephine
  1173 | D        | Offered knowledge of Ignite Poison by Vehumet.
  1173 | D        | Reached skill level 13 in Spellcasting
  1173 | D        | Reached XP level 9. HP: 41/55 MP: 10/28
  1178 | D        | Learned a level 3 spell: Ignite Poison
  1501 | D        | Noticed a centaur warrior
  1503 | D        | Reached *** piety under Vehumet
  1505 | D        | Killed a centaur warrior
  1505 | D        | Offered knowledge of Dazzling Spray by Vehumet.
  1658 | D        | Noticed an unseen horror
  1661 | D        | Killed an unseen horror
  1661 | D        | Reached skill level 14 in Spellcasting
  1661 | D        | Reached skill level 5 in Ice Magic
  1929 | D        | Noticed a queen bee
  1932 | D        | Reached **** piety under Vehumet
  1938 | D        | Offered knowledge of Fulminant Prism by Vehumet.
  1954 | D        | Reached ***** piety under Vehumet
  2148 | D        | Offered knowledge of Bolt of Cold by Vehumet.
  2148 | D        | Reached skill level 5 in Poison Magic
  2158 | D        | Learned a level 6 spell: Bolt of Cold
  2170 | D        | Killed a queen bee
  2267 | D        | Reached XP level 10. HP: 55/61 MP: 18/30
  2368 | D        | Reached skill level 10 in Dodging
  2374 | D        | Offered knowledge of Ozocubu's Refrigeration by Vehumet.
  2583 | D        | Reached ****** piety under Vehumet
  2599 | D        | Offered knowledge of Freezing Cloud by Vehumet.
  2600 | D        | Reached skill level 15 in Spellcasting
  2773 | D        | Reached skill level 10 in Fire Magic
  2925 | D        | Learned a level 6 spell: Freezing Cloud
  2925 | D        | Noticed a spiny frog
  2925 | D        | Noticed a spiny frog
  2928 | D        | Killed a spiny frog
  2928 | D        | Offered knowledge of Venom Bolt by Vehumet.
  2928 | D        | Reached skill level 1 in Air Magic
  2928 | D        | Killed a spiny frog
  3193 | D        | Learned a level 5 spell: Venom Bolt
  3405 | D        | Noticed a lindwurm
  3410 | D        | Killed a lindwurm
  3547 | D        | Reached skill level 16 in Spellcasting
  3547 | D        | Reached skill level 10 in Conjurations
  3547 | D        | Reached XP level 11. HP: 67/67 MP: 31/33
  3557 | D        | Noticed Urug
  3565 | D        | Killed Urug
  3565 | D        | Offered knowledge of Poison Arrow by Vehumet.
  3940 | D        | Noticed Rupert
  3951 | D        | Killed Rupert
  3951 | D        | Offered knowledge of Bolt of Fire by Vehumet.
  4032 | D        | Noticed a death yak
  4033 | D        | Noticed a death yak
  4037 | D        | Noticed a death yak
  4038 | D        | Killed a death yak
  4038 | D        | Reached skill level 17 in Spellcasting
  4039 | D        | Noticed a death yak
  4042 | D        | Killed a death yak
  4042 | D        | Killed a death yak
  4043 | D        | Reached skill level 5 in Air Magic
  4044 | D        | Killed a death yak
  4156 | D        | Noticed an azure jelly
  4156 | D        | Noticed an azure jelly
  4160 | D        | Offered knowledge of Spellforged Servitor by Vehumet.
  4222 | D        | Reached XP level 12. HP: 75/75 MP: 35/35
  4227 | D        | Found Yfujeisewk's Book Shoppe.
  4227 | D        | Found Ekennopa's Food Boutique.
  4471 | D        | Found Arapn's Antique Armour Emporium.
  4611 | D        | Noticed a seven-headed hydra
  4611 | D        | Noticed the 27-headed Lernaean hydra
  4644 | D        | Killed the 27-headed Lernaean hydra
  4644 | D        | Reached skill level 10 in Short Blades
  4644 | D        | Reached skill level 18 in Spellcasting
  4645 | D        | Killed a seven-headed hydra
  4744 | D        | Got a decaying rune of Zot
  4775 | D        | Noticed an azure jelly
  4775 | D        | Noticed an azure jelly
  4800 | D        | Noticed a dire elephant
  4800 | D        | Noticed a dire elephant
  4800 | D        | Noticed Gastronok
  4806 | D        | Killed a dire elephant
  4808 | D        | Killed a dire elephant
  4812 | D        | Killed Gastronok
  4812 | D        | Offered knowledge of Glaciate by Vehumet.
  4812 | D        | Offered knowledge of Shatter by Vehumet.
  4812 | D        | Offered knowledge of Chain Lightning by Vehumet.
  4812 | D        | Reached skill level 10 in Ice Magic
  4812 | D        | Reached skill level 10 in Poison Magic
  4814 | D        | Reached skill level 19 in Spellcasting
  5007 | D        | Found Dufroypp's Food Emporium.
  5485 | D        | Bought the Handbook of Earth and the Volcanoes for 690 gold pieces
  5485 | D        | Bought a book of the Tempests for 840 gold pieces
  5487 | D        | Bought a pair of embroidered gloves for 210 gold pieces
  5487 | D        | Bought a buckler for 126 gold pieces
  5508 | D        | Learned a level 5 spell: Bolt of Magma
  5650 | D        | Reached XP level 13. HP: 81/81 MP: 21/38
  5653 | D        | Reached skill level 1 in Earth Magic
  5657 | D        | Reached skill level 1 in Shields
  5795 | D        | Noticed a deep elf annihilator
  5813 | D        | Noticed a deep elf death mage
  5816 | D        | Noticed a deep elf blademaster
  5816 | D        | Killed a deep elf death mage
  5940 | D        | Noticed a deep elf annihilator
  5946 | D        | Killed a deep elf annihilator
  5946 | D        | Reached skill level 10 in Fighting
  6081 | D        | Noticed a deep elf death mage
  6093 | D        | Killed a deep elf death mage
  6237 | D        | Killed a deep elf blademaster
  6237 | D        | Reached skill level 10 in Armour
  6237 | D        | Reached skill level 20 in Spellcasting
  6245 | D        | Killed a deep elf annihilator
  6527 | D        | Learned a level 7 spell: Ring of Flames
  6651 | D        | Identified the Incunabulum of Ghastly Ignition
  6669 | D        | Got a pitted sapphire amulet
  6669 | D        | Got a slimy steel amulet
  6751 | D        | Identified the amulet of Zopsis {rC- Regen+ Str+4 Stlth+} (You found it in the Dungeon)
  6753 | D        | Identified the amulet "Vuiwn" {-Tele +Rage rN+ Int+4} (You found it in the Dungeon)
  6963 | D        | Reached skill level 1 in Charms
  7038 | D        | Found a blossoming altar of Fedhas.
  7168 | D        | Reached skill level 5 in Earth Magic
  7297 | D        | Noticed a nagaraja
  7302 | D        | Killed a nagaraja
  7303 | D        | Found Xupo's Gadget Shop.
  7303 | D        | Found Sommistri's Food Shoppe.
  7350 | D        | Found Woikliuk's Antique Weapon Boutique.
  7373 | D        | Got a serpentine rune of Zot
  7513 | D        | Annihilated by an azure jelly

Vault maps used:
D:        dungeon_sprint_mu

Skill      XL: |  1  2  3  4  5  6  7  8  9 10 11 12 13 |
---------------+----------------------------------------+-----
Fighting       | 1 2 3 4 5 6 7 8 9 10 | 10.5
Armour         | 1 2 4 5 6 7 8 9 10 | 10.4
Spellcasting   | 4 5 6 7 10 12 13 14 16 17 19 20 | 20.7
Conjurations   | 2 3 4 6 7 8 10 11 12 13 | 13.2
Dodging        | 3 4 5 7 8 9 11 12 13 14 | 14.4
Fire Magic     | 4 5 6 7 8 9 10 11 12 13 | 13.6
Short Blades   | 1 4 5 6 7 8 9 10 11 | 11.8
Ice Magic      | 1 3 5 7 8 10 11 | 11.6
Poison Magic   | 3 5 7 8 10 11 | 11.5
Air Magic      | 2 5 7 9 |  9.2
Earth Magic    | 5 |  5.5
Shields        | 4 |  4.2
Charms         | 4 |  4.5
Stealth        | |  2.4

Action                   |  1- 3 |  4- 6 |  7- 9 | 10-12 | 13-15 || total
-------------------------+-------+-------+-------+-------+-------++-------
Melee: Dagger            |       |     3 |     3 |   206 |     2 ||   214
       Headbutt          |       |       |       |    53 |     1 ||    54
 Cast: Flame Tongue      |    24 |     4 |    33 |    40 |       ||   101
       Throw Flame       |     2 |       |     1 |     5 |     1 ||     9
       Conjure Flame     |       |     1 |     6 |     6 |       ||    13
       Sticky Flame      |       |     3 |     9 |    13 |     1 ||    26
       Fireball          |       |       |    12 |    13 |     2 ||    27
       Sting             |       |       |     4 |     5 |     1 ||    10
       Freeze            |       |       |     1 |       |       ||     1
       Venom Bolt        |       |       |       |    35 |    22 ||    57
       Bolt of Cold      |       |       |       |    17 |    20 ||    37
       Ignite Poison     |       |       |       |     6 |       ||     6
       Freezing Cloud    |       |       |       |    12 |    13 ||    25
       Bolt of Magma     |       |       |       |       |     6 ||     6
       Ring of Flames    |       |       |       |       |     1 ||     1
  Use: Scroll            |       |     4 |       |     2 |     3 ||     9
       Potion            |       |     3 |     1 |     4 |     2 ||    10
 Stab: Sleeping          |       |     2 |       |     2 |       ||     4
  Eat: Chunk             |       |       |     4 |     4 |       ||     8
       Fruit             |       |       |     1 |       |       ||     1
       Bread ration      |       |       |       |     1 |       ||     1
       Royal jelly       |       |       |       |     2 |     4 ||     6
Armor: Robe              |     1 |       |     1 |     1 |     1 ||     4
Dodge: Dodged            |     6 |     4 |    42 |    57 |    19 ||   128
